Match 46810125
Unlisted

Match 46810125
End
Panzergrenadier Squad
250 Light Carrier
Panzergrenadier Squad
Panzergrenadier Squad
Construct Light Support Kompanie
2.5-tonne Medical Truck
Panzerjäger Squad
MG34 Team
Construct Mechanized Kompanie
Combat Half-tracks
Marder III Tank Destroyer
Selects Panzerjäger Kommand Battlegroup
Selects Tank Busters
Selects Mine Fields
Support Armor Elements
StuG III D Assault Gun
Vehicle Survival Package
254 Reconnaissance Tractor
Selects Defensive Positions
Selects Crew Shock Tactics
Selects Butterfly Bomb Drop
Flakvierling Half-track
Don Gambino
Cemarlian
v4mp - HTB -
crywo1f
Windwhisperer
robijr
0
0

Comments sign in to comment!

No comments posted yet!